 Dungeon Crawl Stone Soup version 0.30.0-5-g1a98f26d00 (webtiles) character file.

Game seed: 5965530615303462956

1145 hogiebunz the Shield-Bearer (level 8, -1/71 HPs)
             Began as a Minotaur Fighter on May 8, 2023.
             Was a Follower of Makhleb.
             Slain by Maggie
             ... wielding a +1 broad axe of electrocution
              (10 damage)
             ... on level 6 of the Dungeon.
             The game lasted 00:12:24 (5986 turns).

hogiebunz the Shield-Bearer (Minotaur Fighter)      Turns: 5986, Time: 00:12:25

Health: -1/71      AC:  9    Str: 23    XL:     8   Next: 15%
Magic:  8/8        EV: 10    Int:  5    God:    Makhleb [*.....]
Gold:   268        SH:  6    Dex: 16    Spells: 7/7 levels left

rFire   . . .        a - +0 war axe
rCold   + . .        c - +0 buckler
rNeg    + . .        e - +2 ring mail {rN+}
rPois   .            (helmet restricted)
rElec   .            m - +0 cloak
rCorr   .            (no gloves)
SInv    .            (no boots)
Will    .....        (no amulet)
Stlth   +            v - ring of protection from cold
HPRegen 0.31/turn    w - +6 ring of dexterity
MPRegen 0.11/turn

%: no passive effects
@: no status effects
A: horns 2, retaliatory headbutt
a: Renounce Religion


You were on level 6 of the Dungeon.
You worshipped Makhleb.
Makhleb was aware of your devotion.
You visited 2 branches of the dungeon, and saw 7 of its levels.

You collected 268 gold pieces.

Inventory:

Hand Weapons
 a - a +0 war axe (weapon)
 x - a +3 whip
 E - a +3 quarterstaff of chaos
Armour
 c - a +0 buckler (worn)
 e - a +2 ring mail of positive energy (worn)
 m - a +0 cloak (worn)
 F - a +0 cloak
Jewellery
 b - a ring of willpower
 p - a ring of fire
 r - a ring of fire
 v - a ring of protection from cold (left hand)
 w - a +6 ring of dexterity (right hand)
 A - a ring of flight
Wands
 u - a wand of light (17) (quivered)
Scrolls
 l - a scroll of enchant armour
 o - a scroll of fear {unknown}
 q - a scroll of fog {unknown}
 s - a scroll of enchant weapon {unknown}
 y - a scroll of magic mapping {unknown}
 B - a scroll of butterflies {unknown}
 C - a scroll of amnesia {unknown}
Potions
 d - 4 potions of might
 g - a potion of flight {unknown}
 h - 3 potions of haste {unknown}
 i - a potion of brilliance {unknown}
 j - a potion of cancellation {unknown}
 k - 3 potions of lignification
 n - 3 potions of mutation {unknown}
 t - a potion of ambrosia {unknown}
 z - 2 potions of curing {unknown}
 D - a potion of berserk rage {unknown}


   Skills:
 + Level 6.6 Fighting
 + Level 6.0 Axes
 + Level 6.6 Armour
 + Level 6.6 Shields
 + Level 2.3 Invocations


You had 7 spell levels left.
You didn't know any spells.
Your spell library contained the following spells:

 Spells                   Type           Power      Damage    Failure   Level
 Magic Dart               Conj           0%         1d3       67%         1
 Sandblast                Erth           0%         2d4       67%         1
 Cigotuvi's Dreadful Rot  Necr/Pois/Air  0%         N/A       82%         2
 Ensorcelled Hibernation  Hex/Ice        0%         N/A       82%         2
 Passwall                 Tmut/Erth      0%         N/A       82%         2
 Searing Ray              Conj           0%         2d4       82%         2
 Sublimation of Blood     Necr           0%         N/A       82%         2
 Dazzling Flash           Conj/Hex       0%         N/A       96%         3
 Ignite Poison            Fire/Tmut/Pois 0%         N/A       96%         3
 Stone Arrow              Conj/Erth      0%         3d7       96%         3
 Swiftness                Air            0%         N/A       96%         3
 Cause Fear               Hex            0%         N/A       100%        4
 Fulminant Prism          Conj/Hex       0%         3d5       100%        4
 Petrify                  Tmut/Erth      0%         N/A       100%        4
 Agony                    Necr           0%         N/A       100%        5
 Freezing Cloud           Conj/Ice/Air   0%         6-21      100%        5
 Irradiate                Conj/Tmut      0%         3d11      100%        5
 Iskenderun's Battlesphe  Conj           0%         2d6       100%        5
 Silence                  Hex/Air        0%         N/A       100%        5
 Iron Shot                Conj/Erth      0%         9d1       100%        6
 Dragon Form              Tmut           0%         N/A       100%        7
 Spellforged Servitor     Conj/Summ      0%         N/A       100%        7
 Dragon's Call            Summ           0%         N/A       100%        9


Dungeon Overview and Level Annotations

Branches:
Dungeon (6/15)             Temple (1/1) D:5

Altars:
Cheibriados
Dithmenos
Elyvilon
Fedhas
Gozag
Hepliaklqana
Kikubaaqudgha
Makhleb
Nemelex Xobeh
Okawaru
Ru
Sif Muna
Trog
Vehumet
Wu Jian
Xom
Yredelemnul
Zin
The Shining One

Shops:
D:5 *

Annotations:
D:6 Maggie


Innate Abilities, Weirdness & Mutations

You have a pair of horns on your head.
You reflexively headbutt those who attack you in melee.


Message History

You hit Maggie.
Maggie says, "Fear not.
I will immortalize you in the tale of my first kill."
Maggie misses you. You furiously retaliate!
You headbutt Maggie! You block the iguana's attack.
You closely miss the iguana. Your headbutt misses the iguana.
The iguana is severely wounded.
You hit Maggie. Maggie closely misses you. The iguana bites you!
You are too injured to fight recklessly!
You are too injured to fight recklessly!
You are too injured to fight recklessly!
You are too injured to fight recklessly!
There are monsters nearby!
You are too injured to fight recklessly!
You are too injured to fight recklessly!
You closely miss Maggie.
Maggie is moderately wounded.
You hit the iguana. Maggie closely misses you. The iguana bites you.
You hit Maggie but do no damage. Your headbutt misses Maggie.
Maggie is moderately wounded.
You closely miss the iguana. Maggie barely misses you. You furiously retaliate!
You headbutt Maggie! The iguana barely misses you. Maggie barely misses you.
You furiously retaliate!
You headbutt Maggie! You block the iguana's attack.
You hit Maggie but do no damage.
Maggie is heavily wounded.
You slash the iguana!
You kill the iguana!
Makhleb accepts your kill.
You break out of your daze.
Maggie hits you with a +1 broad axe of electrocution.
Your Axes skill increases to level 6!
You slash Maggie!
Maggie is severely wounded.
Maggie hits you with a +1 broad axe of electrocution.
* * * LOW HITPOINT WARNING * * *
You hit Maggie but do no damage.
Maggie is severely wounded.
Maggie hits you with a +1 broad axe of electrocution!
* * * LOW HITPOINT WARNING * * *
You are electrocuted!
You die...

##...<.....########
##..........#
.............#
.........#####
.#######...†#####
####.....##
####...##
#######.#..##.
#....†@..!.....
...#####@###....
#.# .... #.# ...
... .. ... .... ..$


You could see Maggie.

Vanquished Creatures
  A steam dragon (D:4)
  Menkaure (D:6)
  A water moccasin (D:6)
  4 scorpions
  A howler monkey (D:5)
  A hound (D:5)
  Crazy Yiuf (D:4)
  An orc priest (D:3)
  2 iguanas
  A sleepcap (D:5)
  4 orc wizards
  9 gnolls
  6 adders
  A white imp (D:5)
  An ufetubus (D:3)
  A worm (D:2)
  3 dart slugs
  17 orcs
  9 bats
  6 endoplasms
  3 giant cockroaches
  2 hobgoblins (D:1)
  2 jackals
  6 kobolds
  3 quokkas
  8 ball pythons
  4 frilled lizards (D:1)
  7 goblins
  3 rats
109 creatures vanquished.

Vanquished Creatures (others)
  An adder (D:4)
1 creature vanquished.

Grand Total: 110 creatures vanquished

Notes
Turn   | Place    | Note
-------+----------+-------------------------------------------
     0 | D:1      | hogiebunz the Minotaur Fighter began the quest for the Orb.
     0 | D:1      | Reached XP level 1. HP: 19/19 MP: 0/0
    87 | D:1      | Reached XP level 2. HP: 23/27 MP: 1/1
   735 | D:2      | Reached XP level 3. HP: 29/33 MP: 2/2
  1262 | D:3      | Found a burning altar of Makhleb.
  1288 | D:3      | Became a worshipper of Makhleb the Destroyer
  1382 | D:3      | Reached XP level 4. HP: 41/41 MP: 3/3
  1531 | D:3      | Reached XP level 5. HP: 26/47 MP: 4/4
  1863 | D:3      | You fall into a shaft and drop 2 floors!
  1863 | D:5      | Entered Level 5 of the Dungeon
  1886 | D:5      | Found a glowing golden altar of the Shining One.
  2019 | D:5      | Reached * piety under Makhleb
  2020 | D:5      | Reached skill level 5 in Fighting
  2043 | D:5      | Reached skill level 5 in Armour
  2043 | D:5      | Reached skill level 5 in Shields
  2325 | D:4      | Reached XP level 6. HP: 52/56 MP: 5/5
  2963 | D:4      | Found a runed translucent door.
  2964 | D:4      | Noticed Crazy Yiuf
  3473 | D:4      | Noticed a steam dragon
  3486 | D:4      | Killed a steam dragon
  3504 | D:4      | Reached skill level 5 in Axes
  3504 | D:4      | Reached XP level 7. HP: 18/62 MP: 6/6
  4112 | D:4      | Killed Crazy Yiuf
  4113 | D:4      | Reached skill level 1 in Invocations
  4697 | D:5      | Found a staircase to the Ecumenical Temple.
  4738 | Temple   | Entered the Ecumenical Temple
  5064 | D:5      | Found Qyntop's Elemental Accessories.
  5158 | D:5      | Found a sacrificial altar of Ru.
  5168 | D:5      | Found an iron altar of Okawaru.
  5508 | D:6      | Noticed Menkaure
  5519 | D:6      | Killed Menkaure
  5891 | D:6      | Reached XP level 8. HP: 51/71 MP: 8/8
  5971 | D:6      | Noticed Maggie
  5986 | D:6      | Slain by Maggie

Illustrated notes

Levels and vault maps discovered:
D:1:      noname_arrival_rooms_in_the_neighbourhood, layout_basic,
          nicolae_concentric_dashed_squares_mild, minmay_ruptured
D:2:      layout_rooms
D:3:      layout_loops_ring, lightli_temple_of_fire
D:4:      minmay_evil_eye, layout_basic, st_stairs_4, uniq_crazy_yiuf_cottage
D:5:      layout_basic, mainiacjoe_overflow_paths,
          amethyst_overflow_temple_binary, minmay_temple_entry_drinking_statues,
          nicolae_elemental_shop
D:6:      layout_rooms, uniq_duvessa, uniq_maggie, uniq_menkaure
Temple:   bh_familiar_temple

Skill      XL: |  1  2  3  4  5  6  7  8 |
---------------+-------------------------+-----
Fighting       | 4 5 6 |  6.6
Armour         | 4 5 6 |  6.6
Shields        | 4 5 6 |  6.6
Axes           | 3 4 5 6 |  6.0
Invocations    | 2 |  2.3

Action                     |  1- 3 |  4- 6 |  7- 9 || total
---------------------------+-------+-------+-------++-------
  Melee: War axe           |    90 |   104 |    71 ||   265
         Headbutt          |     8 |    20 |    17 ||    45
    Use: Scroll            |     3 |     1 |     1 ||     5
 Armour: Scale mail        |     4 |       |       ||     4
         Ring mail         |    41 |    52 |    22 ||   115
  Dodge: Dodged            |    56 |    71 |    31 ||   158
  Block: Buckler           |    22 |    27 |    20 ||    69
